 Dungeon Crawl Stone Soup version 0.21-a0-437-ge5bf024 (webtiles) character file.

62 slep the Shield-Bearer (level 3, -12/33 HPs)
             Began as a Minotaur Fighter on Nov 10, 2017.
             Mangled by Sigmund
             ... wielding a +0 scythe
              (15 damage)
             ... on level 2 of the Dungeon.
             The game lasted 00:03:44 (720 turns).

slep the Shield-Bearer (Minotaur Fighter)            Turns: 720, Time: 00:03:45

Health: -12/33     AC:  7    Str: 20    XL:     3   Next: 85%
Magic:  2/2        EV:  7    Int:  6    God:
Gold:   72         SH:  0    Dex:  9    Spells: 2/2 levels left

rFire    . . .     SeeInvis .   a - +0 long sword
rCold    . . .     Gourm    .   c - +0 shield
rNeg     . . .     Faith    .   b - +0 scale mail
rPois    .         Spirit   .   (helmet restricted)
rElec    .         Reflect  .   (no cloak)
rCorr    .         Harm     .   (no gloves)
MR       .....                  (no boots)
Stlth    ..........             (no amulet)
HPRegen  0.11/turn              (no ring)
MPRegen  0.08/turn              (no ring)

@: confused
A: retaliatory headbutt, horns 2
a: no special abilities


You were on level 2 of the Dungeon.
You were not hungry.

You visited 1 branch of the dungeon, and saw 2 of its levels.

You collected 72 gold pieces.

Inventory:

Hand Weapons
 a - a +0 long sword (weapon)
Armour
 b - a +0 scale mail (worn)
 c - a +0 shield (worn)
Scrolls
 e - 2 scrolls of remove curse {unknown}
 i - a scroll of recharging {unknown}
Potions
 d - a potion of might
Comestibles
 f - 4 bread rations
 g - 8 fruits


   Skills:
 + Level 4.2 Fighting
 + Level 3.1 Long Blades
 + Level 4.1 Armour
 + Level 0.2 Dodging
 + Level 4.4 Shields


You had 2 spell levels left.
You didn't know any spells.

Dungeon Overview and Level Annotations

Branches:
Dungeon (2/15)

Altars:

Annotations:
D:2 Sigmund


Innate Abilities, Weirdness & Mutations

You reflexively headbutt those who attack you in melee.
You have a pair of horns on your head.


Message History

Sigmund gestures at you while chanting. The puff of flame hits you!
* * * LOW HITPOINT WARNING * * *
You hit Sigmund.
Sigmund is severely wounded.
Sigmund barely misses you.
You riposte.
Your shield and scale mail prevent you from hitting Sigmund.
Sigmund is severely wounded.
You hit Sigmund but do no damage.
Sigmund is severely wounded.
Sigmund casts a spell at you.
You are confused.
Sigmund hits you with a scythe.
* * * LOW HITPOINT WARNING * * *
You bump into the rock wall.
Sigmund gestures wildly while chanting.
Sigmund flickers and vanishes!
Deactivating autopickup; reactivate with Ctrl-A.
Something hits you!
You die...

#. #..# #.# #..#
#.. #..# #
..###.##..###.##
................
...##...<.......
.........##....
#.##..{.## .
#..@..###..
##......... #
#...####..
#.###...####.#
##............#
#.............#
#.#####.#####.#
# #...#.# # #.
#..#####


There were no monsters in sight!

Vanquished Creatures
  A jelly (D:2)
  2 dart slugs (D:1)
  A leopard gecko (D:1)
  A giant cockroach (D:1)
  7 goblins
  3 hobgoblins (D:1)
  A quokka (D:2)
  4 bats (D:1)
  A frilled lizard (D:2)
  3 kobolds
  3 rats
27 creatures vanquished.

Notes
Turn   | Place    | Note
-------+----------+-------------------------------------------
     0 | D:1      | slep the Minotaur Fighter began the quest for the Orb.
     0 | D:1      | Reached XP level 1. HP: 19/19 MP: 0/0
    94 | D:2      | Noticed Sigmund
   102 | D:1      | Reached XP level 2. HP: 12/27 MP: 1/1
   604 | D:2      | Reached XP level 3. HP: 33/33 MP: 2/2
   720 | D:2      | Mangled by Sigmund

Vault maps used:
D:1:      dpeg_arrival_leaves_temple_mockup
D:2:      chequers_ecumenical_altar_simple, first_bread, uniq_sigmund

Skill      XL: |  1  2  3 |
---------------+----------+-----
Fighting       | 4 |  4.2
Shields        | 4 |  4.4
Long Blades    | 3 |  3.1
Armour         | 4 |  4.1
Dodging        | |  0.2

Action                   || total
-------------------------++-------
Melee: Long sword        ||    78
       Headbutt          ||    10
Armor: Scale mail        ||    29
Dodge: Dodged            ||    12
Block: Shield            ||    35
       Rpst.: Long sword ||     3

Table legend:
 A = Spawn XP
 B = Non-spawn XP
 C = Spawn XP percentage of total XP
 D = Spawn monster count
 E = Non-spawn monster count
 F = Spawn count percentage of total count
 G = Total turns spent on level
                    A         B        C        D         E        F      G
               +---------+---------+-------+---------+---------+-------+---------
         Total |       0 |      89 |   0.0 |       0 |      27 |   0.0 |   720
               +---------+---------+-------+---------+---------+-------+---------
           D:1 |       0 |      40 |   0.0 |       0 |      21 |   0.0 |   601
           D:2 |       0 |      49 |   0.0 |       0 |       6 |   0.0 |   119
               +---------+---------+-------+---------+---------+-------+---------
